 Dungeon Crawl Stone Soup version 0.29.0-11-gd7f09526c8 (webtiles) character file.

Game seed: 15812160569836126550

134 robertstho the Ruffian (level 5, -2/28 HPs)
             Began as a Vine Stalker Berserker on Sept 2, 2022.
             Was a Believer of Trog.
             Killed by nerve-wracking pain
             ... invoked by an orc priest
              (9 damage)
             ... on level 4 of the Dungeon.
             The game lasted 00:02:02 (3002 turns).

robertstho the Ruffian (Vine Stalker Berserker)     Turns: 3002, Time: 00:02:03

Health: -2/28      AC:  2    Str: 27    XL:     5   Next: 17%
Magic:  0/6        EV: 12    Int:  7    God:    Trog [**....]
Gold:   121        SH:  0    Dex: 14    Spells: 4/4 levels left

rFire   . . .      SeeInvis .     - Unarmed
rCold   . . .      Faith    .   (no shield)
rNeg    . . .      Spirit   +   a - +0 animal skin
rPois   .          Reflect  .   (no helmet)
rElec   .          Harm     .   (no cloak)
rCorr   .          Rampage  .   (no gloves)
Will    .....                   (no boots)
Stlth   ++........              (no amulet)
HPRegen 0.89/turn               b - +6 ring of strength
MPRegen 0.10/turn               (no ring)

@: on berserk cooldown, slowed, very slow
A: fangs 2, regeneration 1, magic shield, antimagic bite, no potion heal 2
a: Renounce Religion, Berserk, Trog's Hand


You were on level 4 of the Dungeon.
You worshipped Trog.
Trog was pleased with you.
You visited 1 branch of the dungeon, and saw 4 of its levels.

You collected 121 gold pieces.

Inventory:

Hand Weapons
 n - a +0 morningstar of protection
Armour
 a - a +0 animal skin (worn)
Jewellery
 b - a +6 ring of strength (left hand)
Scrolls
 f - a scroll of blinking
 g - a scroll of teleportation {unknown}
 i - a scroll of enchant weapon {unknown}
 k - 2 scrolls of summoning {unknown}
 o - a scroll of acquirement {unknown}
Potions
 c - a potion of ambrosia {unknown}
 d - a potion of berserk rage {unknown}
 e - 3 potions of degeneration {unknown}
 h - a potion of heal wounds {unknown}
 j - 2 potions of magic {unknown}
 l - a potion of flight {unknown}
 m - a potion of curing {unknown}


   Skills:
 * Level 3.5 Fighting
 + Level 1.6 Armour
 + Level 2.0 Dodging
 * Level 3.0 Stealth
 + Level 4.0 Unarmed Combat


You had 4 spell levels left.
You didn't know any spells.
Your spell library was empty.

Dungeon Overview and Level Annotations

Branches:
Dungeon (4/15)
 Temple: D:4-7

Altars:
Xom

Shops:
D:1 =   D:2 (


Innate Abilities, Weirdness & Mutations

You have extremely sharp teeth.
Your natural rate of healing is unusually fast.
When hurt, damage is shared between your health and your magic reserves.
Your bite disrupts and absorbs the magic of your enemies.
Potions cannot restore your health.


Message History

You now have 121 gold pieces (gained 12).
Found a stone staircase leading down.
An orc priest comes into view. It is wielding a +0 mace.
The orc priest shouts!
The orc priest hits you with a +0 mace.
An orc priest is nearby!
An orc priest is nearby!
An orc priest is nearby!
You hit the orc priest.
You bite the orc priest, but do no damage.
The orc priest is moderately wounded.
The orc priest hits you with a +0 mace.
You hit the orc priest but do no damage.
You bite the orc priest. You drain its power.
The orc priest is moderately wounded.
A hound comes into view.
The orc priest barely misses you.
You closely miss the orc priest.
The orc priest is moderately wounded.
The orc priest hits you with a +0 mace.
The orc priest mumbles some strange prayers to Beogh against you.
Beogh smites you!
The hound barks!
You hit the orc priest but do no damage.
The orc priest is moderately wounded.
A scorpion comes into view.
The orc priest hits you with a +0 mace.
The scorpion moves out of view.
You hit the orc priest but do no damage.
The orc priest is moderately wounded.
The orc priest closely misses you. The hound closely misses you.
The orc priest hits you with a +0 mace!
You hit the orc priest.
You bite the orc priest, but do no damage.
The orc priest is heavily wounded.
The hound bites you.
* * * LOW HITPOINT WARNING * * *
The hound completely misses you.
The orc priest mumbles some strange prayers to Beogh against you.
Pain shoots through your body!
You die...

#.###
####...#
..>...#
.....#
....####..
.s.......
#ho...# ##@#
#.. ###..#
... #....#
... #..##.#
..# #..#
#.##..# #.#
#.#...# #
... #...#
.##...
####.###
.....
##.....###.#


You could see a scorpion, a hound and an orc priest.

Vanquished Creatures
  A scorpion (D:4)
  2 adders
  A worm (D:3)
  3 orcs (D:3)
  A ball python (D:1)
  5 bats
  6 endoplasms
  A giant cockroach (D:2)
  4 goblins
  6 hobgoblins
  2 jackals (D:2)
  3 kobolds
  7 quokkas
  A frilled lizard (D:2)
  3 rats
46 creatures vanquished.

Notes
Turn   | Place    | Note
-------+----------+-------------------------------------------
     0 | D:1      | robertstho the Vine Stalker Berserker began the quest for
                  | the Orb.
     0 | D:1      | Reached XP level 1. HP: 11/11 MP: 2/2
   175 | D:1      | Found Fuapovet's Jewellery Shoppe.
   696 | D:1      | Reached XP level 2. HP: 16/16 MP: 3/3
  1099 | D:2      | Reached skill level 1 in Stealth
  1552 | D:2      | Found Cuimyth's Weapon Shop.
  1620 | D:2      | Reached XP level 3. HP: 17/20 MP: 4/4
  1806 | D:2      | Found a faded altar of an unknown god.
  2019 | D:3      | Reached ** piety under Trog
  2541 | D:3      | Found a shimmering altar of Xom.
  2651 | D:3      | Gained mutation: Your natural rate of healing is unusually
                  | fast. [Vine Stalker growth]
  2651 | D:3      | Reached XP level 4. HP: 20/24 MP: 5/5
  2969 | D:4      | Noticed a scorpion
  2980 | D:4      | Killed a scorpion
  2981 | D:4      | Reached skill level 4 in Unarmed Combat
  2981 | D:4      | Reached XP level 5. HP: 28/28 MP: 6/6
  3002 | D:4      | Killed from afar by an orc priest

Illustrated notes

Levels and vault maps discovered:
D:1:      roderic_lyre, layout_basic, serial_shops, nicolae_shop_statue_plus,
          minmay_misc_feat_encased
D:2:      layout_rooms, serial_shops, nicolae_shop_hallway_stairs,
          shapermc_ecumenical_altar_totnotflames
D:3:      layout_loops_ring, mainiacjoe_overflow_catwalk
D:4:      layout_rooms, chequers_hall_statues_corner_a, minmay_misc_feat_tiny

Skill      XL: |  1  2  3  4 |
---------------+-------------+-----
Fighting       | 3 |  3.5
Stealth        | 1 2 3 |  3.0
Dodging        | 2 |  2.0
Unarmed Combat | 4 |  4.0
Armour         | |  1.6

Action                   |  1- 3 |  4- 6 || total
-------------------------+-------+-------++-------
Melee: Unarmed           |   110 |    20 ||   130
       Bite              |    26 |     5 ||    31
       Punch             |     6 |       ||     6
Invok: Berserk           |     1 |     1 ||     2
  Use: Scroll            |     1 |       ||     1
 Stab: Sleeping          |     6 |       ||     6
Armor: Animal skin       |    24 |     3 ||    27
Dodge: Dodged            |    51 |    14 ||    65
